 Dungeon Crawl Stone Soup version 0.20.0-15-g7f486f2 (webtiles) character file.

84 anfisbena the Slasher (level 4, 0/31 HPs)
             Began as a Demonspawn Abyssal Knight on June 16, 2017.
             Was a Believer of Lugonu.
             Slain by an iguana (8 damage)
             ... on level 3 of the Dungeon.
             The game lasted 00:03:02 (2985 turns).

anfisbena the Slasher (Demonspawn Abyssal Knight)   Turns: 2985, Time: 00:03:02

Health: 0/31       AC:  5    Str: 10 (12) XL:     4   Next: 24%
Magic:  5/5        EV: 11    Int: 12 (13) God:    Lugonu [**....]
Gold:   93         SH:  0    Dex: 14      Spells: 3/3 levels left

rFire    . . .     SeeInvis .   a - +2 falchion
rCold    + . .     Gourm    .   (no shield)
rNeg     . . .     Faith    .   m - +0 leather armour {rC+}
rPois    .         Spirit   .   (helmet restricted)
rElec    .         Reflect  .   (no cloak)
rCorr    .         Harm     +   j - +0 pair of gloves
MR       .....     Rnd*Rage +   l - +0 pair of boots
Stlth    ++........             e - amulet of harm
Regen    0.1/turn               (no ring)
MPRegen  0.1/turn               (no ring)

@: no status effects
A: horns 1, berserk 1, frail 1, mutation resistance 1, nightstalker 1
a: Depart the Abyss, Bend Space, Renounce Religion


You were on level 3 of the Dungeon.
You worshipped Lugonu.
Lugonu was pleased with you.
You were not hungry.

You visited 1 branch of the dungeon, and saw 3 of its levels.
You visited the Abyss 1 time.

You collected 93 gold pieces.

Inventory:

Hand Weapons
 a - a +2 falchion (weapon)
Armour
 j - a +0 pair of gloves (worn)
 l - a +0 pair of boots (worn)
 m - a +0 leather armour of cold resistance (worn)
Jewellery
 e - an amulet of harm (around neck)
Scrolls
 f - a scroll of magic mapping
Potions
 i - a potion of brilliance
 k - 2 potions of curing
Comestibles
 b - 2 chunks of flesh
 c - 5 bread rations
 h - a meat ration


   Skills:
 - Level 3.0 Fighting
 + Level 4.1 Long Blades
 - Level 1.7 Armour
 - Level 0.8 Dodging
 - Level 2.4 Invocations


You had 3 spell levels left.
You didn't know any spells.

Dungeon Overview and Level Annotations

Branches:
Dungeon (3/15)

Altars:
Okawaru
Sif Muna


Innate Abilities, Weirdness & Mutations

You have a pair of small horns on your head.
You are slightly more attuned to the shadows.
You tend to lose your temper in combat.
You are frail. (-10% HP)
You are somewhat resistant to further mutation.


Message History

You hit the iguana but do no damage. The bat hits you but does no damage.
The iguana bites you but does no damage.
The gnoll barely misses you.
You closely miss the iguana.
The gnoll shouts!
The bat barely misses you.
You riposte.
You hit the bat.
You kill the bat!
Lugonu accepts your kill. The iguana barely misses you.
The gnoll closely misses you.
You riposte.
You hit the gnoll.
You headbutt the gnoll, but do no damage.
The gnoll is moderately wounded.
You hit the gnoll. Your headbutt misses the gnoll.
The gnoll is severely wounded.
The iguana bites you!
* * * LOW HITPOINT WARNING * * *
The gnoll hits you with a flail.
* * * LOW HITPOINT WARNING * * *
The iguana bites you!
You die...

...... ...
#g.......#
#........#
gg......##
.g..)..
######g#.######
...>..g†.......
#####@#.#####
#l#.# #.#.# #.#.#
..#.#
###############.#
#...............#
#.###############
#.#.........#


You could see an iguana and 3 gnolls.

Vanquished Creatures
  3 worms (D:2)
  2 dart slugs (D:2)
  3 leopard geckos
  5 orcs (D:3)
  3 giant cockroaches
  7 goblins
  7 hobgoblins
  8 jackals
  5 bats
  4 frilled lizards
  6 kobolds
  7 rats
60 creatures vanquished.

Notes
Turn   | Place    | Note
-------+----------+-------------------------------------------
     0 | Abyss:1  | anfisbena the Demonspawn Abyssal Knight began the quest for the Orb.
     0 | Abyss:1  | Reached XP level 1. HP: 18/18 MP: 2/2
     3 | Abyss:1  | Found a corrupted altar of Lugonu.
   147 | Abyss:1  | Noticed a tentacled starspawn
   165 | Abyss:1  | Found a corrupted altar of Lugonu.
   168 | Abyss:1  | Noticed a tormentor
   203 | D:1      | Escaped the Abyss
   337 | D:1      | Reached skill level 2 in Long Blades
   360 | D:1      | Reached * piety under Lugonu
   367 | D:1      | Gained mutation: You are slightly more attuned to the shadows. [demonic ancestry]
   367 | D:1      | Reached XP level 2. HP: 3/24 MP: 3/3
   370 | D:1      | HP: 1/24 [kobold/short sword (2)]
  1097 | D:1      | Reached skill level 3 in Long Blades
  1479 | D:1      | Gained mutation: You are frail. (-10% HP) [potion of mutation]
  1479 | D:1      | Gained mutation: You tend to lose your temper in combat. [potion of mutation]
  1479 | D:1      | Gained mutation: You are somewhat resistant to further mutation. [potion of mutation]
  1588 | D:2      | Reached XP level 3. HP: 22/26 MP: 4/4
  1993 | D:2      | Reached ** piety under Lugonu
  2351 | D:2      | Found a deep blue altar of Sif Muna.
  2351 | D:2      | Found an iron altar of Okawaru.
  2872 | D:3      | Gained mutation: You have a pair of small horns on your head. [demonic ancestry]
  2872 | D:3      | Reached XP level 4. HP: 31/31 MP: 5/5
  2874 | D:3      | Reached skill level 4 in Long Blades
  2985 | D:3      | Slain by an iguana

Skill      XL: |  1  2  3  4 |
---------------+-------------+-----
Long Blades    | 2 3 4 |  4.1
Fighting       | |  3.0
Armour         | |  1.7
Dodging        | |  0.8
Invocations    | |  2.4

Action                   |  1- 3 |  4- 6 || total
-------------------------+-------+-------++-------
Melee: Falchion          |   132 |    20 ||   152
       Headbutt          |       |     2 ||     2
Invok: Depart the Abyss  |     1 |       ||     1
  Use: Potion            |     7 |       ||     7
       Scroll            |     3 |       ||     3
 Stab: Sleeping          |     6 |       ||     6
  Eat: Chunk             |     6 |     1 ||     7
Armor: Leather armour    |    25 |    10 ||    35
Dodge: Dodged            |    99 |    19 ||   118
       Rpst.: Falchion   |    29 |     6 ||    35
